 Dungeon Crawl Stone Soup version 0.27-a0-597-g524d869a0f (webtiles) character file.

Game seed: 17003840711568516057

4946 wakim the Spear-Bearer (level 10, -2/71 HPs)
             Began as a Merfolk Gladiator on Mar 11, 2021.
             Was a Priest of Fedhas.
             Slain by a stone giant (31 damage)
             ... on level 9 of the Dungeon.
             The game lasted 00:29:26 (12440 turns).

wakim the Spear-Bearer (Merfolk Gladiator)         Turns: 12440, Time: 00:29:27

Health: -2/71      AC:  7    Str: 15    XL:     10   Next: 52%
Magic:  10/12      EV: 19    Int:  7    God:    Fedhas [***...]
Gold:   229        SH:  0    Dex: 19    Spells: 9/9 levels left

rFire    + . .     SeeInvis .   a - +2 trident (freeze)
rCold    . . .     Faith    .   e - +0 buckler
rNeg     . . .     Spirit   .   u - +2 leather armour {rF+}
rPois    +         Reflect  .   l - +1 helmet
rElec    .         Harm     .   (no cloak)
rCorr    .         Rampage  .   (no gloves)
Will     +....                  (no boots)
Stlth    +.........             m - amulet of the acrobat
HPRegen  0.21/turn              j - ring of willpower
MPRegen  0.13/turn              o - ring of poison resistance

@: confused
A: change form in water, amphibious, nimble swimmer 2
a: Renounce Religion, Wall of Briars, Grow Ballistomycete


You were on level 9 of the Dungeon.
You worshipped Fedhas.
Fedhas was most pleased with you.
You visited 2 branches of the dungeon, and saw 10 of its levels.

You collected 495 gold pieces.
You spent 266 gold pieces at shops.

Inventory:

Hand Weapons
 a - a +2 trident of freezing (weapon)
Missiles
 d - 3 throwing nets
 g - 7 boomerangs (quivered)
 p - 5 javelins
 q - 8 boomerangs of dispersal
 t - 58 poisoned darts
 v - 5 atropa-tipped darts
Armour
 e - a +0 buckler (worn)
 l - a +1 helmet (worn)
 u - a +2 leather armour of fire resistance (worn)
Jewellery
 b - a ring of flight
 c - a ring of fire
 j - a ring of willpower (right hand)
 m - an amulet of the acrobat (around neck)
 o - a ring of poison resistance (left hand)
Wands
 h - a wand of acid (2)
 i - a wand of iceblast (22)
Scrolls
 r - a scroll of enchant armour
 F - a scroll of fog
 X - 3 scrolls of magic mapping {@r4}
 Y - 2 scrolls of teleportation {@r3}
 Z - a scroll of identify {@r1}
Potions
 f - a potion of attraction {unknown}
 k - a potion of resistance {unknown}
 n - a potion of cancellation {unknown}
 s - a potion of might {unknown}
 B - 3 potions of brilliance
 G - a potion of ambrosia
 H - 4 potions of haste
 J - 4 potions of curing {@q1}
 N - 2 potions of heal wounds {@q2}
 T - 2 potions of berserk rage


   Skills:
 - Level 4.0 Fighting
 * Level 12.9 Polearms
 - Level 4.0 Throwing
 + Level 2.3 Armour
 * Level 12.1 Dodging
 - Level 4.0 Stealth
 + Level 3.2 Shields
 + Level 3.5 Invocations


You had 9 spell levels left.
You didn't know any spells.
Your spell library contained the following spells:

 Spells                   Type           Power      Damage    Failure   Level
 Call Imp                 Summ           0%         N/A       67%         2


Dungeon Overview and Level Annotations

Branches:
Dungeon (9/15)             Temple (1/1) D:5             Orc (0/2) D:9
   Lair: D:8-11

Altars:
Ashenzari
Cheibriados
Fedhas
Gozag
Hepliaklqana
Ru
Sif Muna
Trog
Uskayaw
The Shining One

Shops:
D:5 ?   D:9 [

Annotations:
D:9 , dig weapons, exclusions: ice statue and orange crystal statue


Innate Abilities, Weirdness & Mutations

You revert to your normal form in water.
You are amphibious.
You are quick and stealthy while swimming. (Stealth+, EV+, Speed+++)


Message History

The stone giant is lightly wounded.
You hit the stone giant but do no damage.
The stone giant is lightly wounded.
You hit the stone giant. You freeze the stone giant.
The stone giant is lightly wounded.
A ballistomycete spore comes into view.
You hit the stone giant. You freeze the stone giant.
The stone giant is moderately wounded.
The stone giant hits you!
A ballistomycete spore comes into view.
You hit the stone giant but do no damage.
The stone giant is moderately wounded.
Your ballistomycete spore explodes!
The stone giant appears confused.
The explosion of spores engulfs the stone giant!
The stone giant is moderately wounded.
Fedhas protects your plant from harm.
The stone giant mumbles something.
A deep elf archer comes into view.
It is wielding a +1 short sword of venom.
The stone giant hits you!!
You are too injured to fight recklessly!
You are too injured to fight recklessly!
You puncture the stone giant! You freeze the stone giant.
The stone giant is heavily wounded.
A ballistomycete spore comes into view.
You hit the stone giant but do no damage.
The stone giant is heavily wounded.
The stone giant seems less confused.
Your ballistomycete spore explodes!
The stone giant appears confused.
The explosion of spores engulfs the stone giant!
The stone giant is heavily wounded.
The explosion of spores engulfs you!
You are confused.
* * * LOW HITPOINT WARNING * * *
You hit the stone giant. You freeze the stone giant.
The stone giant is heavily wounded.
The stone giant hits you!!
You die...
Fedhas appreciates your contribution to the ecosystem.

#.............# #..)..######..#
#.....# .##.# ####### #..8'8#
!.#.##### #......
#..#.######e#.....###......
#..#..'..*..#......##......
#..#..'.....#...<...#......
#..#)######.#..............
#..8'8#.._@P#.......#......
#.....#⌠..C##.......#......
#.....######........#.....8
#.............>.....##..##. #
####..##..............###..8.∩
####....#####.)...#.....####.###.
.....##########............#....8
.#...........##.####.......#.##..
...#########...............#.####


You could see a stone giant (confused, ally target), a deep elf archer (repels
missiles) and a friendly ballistomycete (summoned).

Vanquished Creatures
  Erica (D:8)
  A skeletal warrior (D:9)
  2 vampires
  A wyvern (D:9)
  Eustachio (D:5)
  A water moccasin (D:8)
  6 orc warriors
  An eye of draining (D:9)
  2 ogres
  2 black bears
  2 centaurs
  2 kobold brigands
  4 bullfrogs
  3 scorpions
  2 howler monkeys (D:9)
  A wight (D:7)
  A hound (D:4)
  4 orc priests
  4 bullfrog skeletons (D:7)
  A centaur skeleton (D:8)
  Jessica (D:2)
  Terence (D:1)
  3 iguanas
  10 orc wizards
  10 worker ants
  Natasha (thrice) (D:3)
  A hound skeleton (D:9)
  3 worker ant zombies
  A howler monkey skeleton (D:8)
  9 adders
  A shadow imp (D:9)
  3 white imps
  5 ufetubi
  An adder zombie (D:6)
  An adder skeleton (D:4)
  5 worms
  A dart slug (D:1)
  4 leopard geckos
  33 orcs
  4 giant cockroaches
  10 goblins
  8 hobgoblins
  8 jackals
  4 quokkas
  2 ball pythons
  4 bats
  3 frilled lizards (D:1)
  16 kobolds
  A leopard gecko zombie (D:7)
  5 rats
203 creatures vanquished.

Vanquished Creatures (collateral kills)
  A quokka (D:9)
  4 ballistomycete spores
5 creatures vanquished.

Vanquished Creatures (others)
  5 plants
5 creatures vanquished.

Grand Total: 213 creatures vanquished

Notes
Turn   | Place    | Note
-------+----------+-------------------------------------------
     0 | D:1      | wakim the Merfolk Gladiator began the quest for the Orb.
     0 | D:1      | Reached XP level 1. HP: 16/16 MP: 1/1
   318 | D:1      | Reached XP level 2. HP: 22/22 MP: 2/2
   673 | D:2      | Noticed Terence
   699 | D:1      | Killed Terence
   700 | D:1      | Reached skill level 5 in Polearms
   700 | D:1      | Reached skill level 1 in Stealth
   700 | D:1      | Reached XP level 3. HP: 6/28 MP: 3/3
  1407 | D:1      | Reached XP level 4. HP: 17/34 MP: 4/4
  1621 | D:2      | Reached skill level 5 in Dodging
  1665 | D:2      | Found a blossoming altar of Fedhas.
  1737 | D:2      | Became a worshipper of Fedhas Madash
  1814 | D:2      | Noticed Jessica
  1823 | D:2      | Killed Jessica
  1824 | D:2      | Reached XP level 5. HP: 40/40 MP: 5/5
  2481 | D:3      | Noticed Natasha
  2490 | D:3      | Killed Natasha
  2700 | D:3      | Found an opulent altar of Gozag.
  2700 | D:3      | Noticed Natasha
  2710 | D:3      | Killed Natasha
  2711 | D:3      | Reached XP level 6. HP: 47/47 MP: 6/6
  2745 | D:3      | Reached * piety under Fedhas
  2874 | D:3      | Found a sacrificial altar of Ru.
  2972 | D:3      | Noticed Natasha
  2979 | D:3      | Killed Natasha
  4462 | D:4      | Reached XP level 7. HP: 52/52 MP: 7/7
  4612 | D:5      | Entered Level 5 of the Dungeon
  4770 | D:5      | Reached ** piety under Fedhas
  5357 | D:5      | Found a staircase to the Ecumenical Temple.
  5386 | D:5      | Noticed Eustachio
  5413 | D:5      | Killed Eustachio
  5541 | D:5      | Found a shimmering blue altar of Sif Muna.
  5592 | D:5      | Identified Sif Muna's Almanac of Creation
  5643 | D:5      | Found a bloodstained altar of Trog.
  5660 | D:5      | Reached XP level 8. HP: 60/60 MP: 8/8
  6103 | D:5      | Found Gebbeanu's Magic Scroll Shoppe.
  6154 | D:5      | You fall into a shaft and drop 2 floors!
  6920 | Temple   | Entered the Ecumenical Temple
  8014 | D:7      | Noticed a vampire
  8036 | D:7      | Killed a vampire
  8037 | D:7      | Reached skill level 10 in Polearms
  8252 | D:7      | Reached XP level 9. HP: 64/65 MP: 9/9
  8396 | D:7      | Reached skill level 10 in Dodging
  8650 | D:7      | Found a snail-covered altar of Cheibriados.
  8804 | D:7      | Reached *** piety under Fedhas
  9470 | D:8      | Noticed Erica
  9489 | D:8      | Killed Erica
  9490 | D:8      | Reached skill level 1 in Armour
  9490 | D:8      | Reached skill level 1 in Shields
  9490 | D:8      | Reached skill level 1 in Invocations
  9770 | D:8      | Found a broken altar of Ashenzari.
 10147 | D:9      | Noticed an orange crystal statue
 10240 | D:9      | Noticed a skeletal warrior
 10241 | D:9      | Found a large runed translucent door.
 10309 | D:9      | Reached XP level 10. HP: 66/71 MP: 11/11
 10413 | D:9      | Found a large runed translucent door.
 10440 | D:9      | Found Kojiugym's Armour Shoppe.
 10458 | D:9      | Bought a +2 leather armour of fire resistance for 266 gold
                  | pieces
 10514 | D:9      | Noticed a +0 dagger
 10514 | D:9      | Noticed a +0 dagger
 10514 | D:9      | Noticed a +0 short sword
 10516 | D:9      | Noticed a +0 short sword
 10520 | D:9      | Noticed a +0 spear
 10521 | D:9      | Noticed a +0 falchion
 10521 | D:9      | Noticed a +0 falchion
 10521 | D:9      | Noticed a +0 spear
 10525 | D:9      | Found a hide-covered altar of Uskayaw.
 11221 | D:9      | Found a glowing golden altar of the Shining One.
 11594 | D:9      | HP: 3/71 [orc warrior/+0 halberd (22)]
 12110 | D:9      | Found a staircase to the Orcish Mines.
 12159 | D:9      | Noticed an ice statue
 12250 | D:9      | Killed a skeletal warrior
 12419 | D:9      | Found a hide-covered altar of Uskayaw.
 12419 | D:9      | Noticed a stone giant
 12436 | D:9      | Noticed a deep elf archer
 12440 | D:9      | Slain by a stone giant

Illustrated notes

Levels and vault maps discovered:
D:1:      lightli_arrival_boilingwater, layout_rooms
D:2:      kennysheep_big_flooded_room, layout_rooms, fedhas_altar_2,
          hangedman_decor_peaks_small, minmay_door_square, uniq_terence,
          uniq_jessica
D:3:      layout_basic, marbit_many_paths, lemuel_round_altar, uniq_natasha
D:4:      layout_basic, supply_closet_lemuel, chequers_big_river
D:5:      layout_cave_pods, nzn_overflow_gifts_of_might_and_magic,
          minmay_temple_entry_junction, serial_shops, kennysheep_mini_moat,
          minmay_misc_feat_columns, uniq_eustachio
D:6:      layout_gridville
D:7:      layout_layer_cave, lemuel_doored_altar, minmay_shattered_shrine
D:8:      layout_rooms, kennysheep_little_box, uniq_erica
D:9:      minmay_separated_statues, layout_rooms, nicolae_tso_carved_into_rock,
          nicolae_uskayaw_en_pointe, david_orc_4, serial_shops,
          nicolae_shop_statue_plus, jmf_multi_god_temple2
Temple:   dshaligram_water_room_temple

Skill      XL: |  1  2  3  4  5  6  7  8  9 10 |
---------------+-------------------------------+-----
Polearms       | 5 6 8 10 12 | 12.9
Stealth        | 1 2 3 4 |  4.0
Dodging        | 5 6 7 9 11 12 | 12.1
Fighting       | 3 4 |  4.0
Throwing       | 3 4 |  4.0
Armour         | 1 2 |  2.3
Shields        | 2 3 |  3.2
Invocations    | 2 3 |  3.5

Action                   |  1- 3 |  4- 6 |  7- 9 | 10-12 || total
-------------------------+-------+-------+-------+-------++-------
Melee: Trident           |    92 |   233 |   392 |   239 ||   956
       Tailslap          |       |     1 |       |       ||     1
Throw: Boomerang         |       |    36 |    29 |     1 ||    66
Invok: Wall of Briars    |       |       |     5 |     4 ||     9
       Grow Ballistomyce |       |       |       |     3 ||     3
Evoke: Wand              |       |       |     4 |     1 ||     5
  Use: Scroll            |     4 |     4 |     6 |       ||    14
 Stab: Sleeping          |     1 |     5 |     9 |     1 ||    16
       Distracted        |       |       |     2 |       ||     2
Armor: Leather armour    |    13 |    32 |    15 |    11 ||    71
       Ring mail         |       |       |    38 |     4 ||    42
Dodge: Dodged            |    39 |   135 |   190 |    94 ||   458
Block: Buckler           |       |    10 |    58 |    28 ||    96

Table legend: (Time is in decaauts)
 A = Elapsed time spent in this place.
 B = Non-inter-level travel time spent in this place.
 C = Inter-level travel time spent in this place.
 D = Time resting spent in this place.
 E = Time spent auto-exploring this place.
 F = Levels seen in this place.
 G = Mean time per level.
                   A        B        C        D        E       F      G
               +--------+--------+--------+--------+--------+-----+--------+
         Total |  12342 |  11954 |    388 |    663 |   9148 |  10 | 1234.2 |
       Dungeon |  12340 |  11952 |    388 |    663 |   9148 |   9 | 1371.1 |
        Temple |      1 |      1 |      0 |      0 |      0 |   1 |    1.0 |
               +--------+--------+--------+--------+--------+-----+--------+

Top non-repeatable levels by time:
     D:5: 1762 daAuts
     D:9: 1690 daAuts
     D:7: 1673 daAuts
     D:4: 1635 daAuts
     D:1: 1528 daAuts
     D:8: 1374 daAuts
     D:2: 945 daAuts
     D:3: 899 daAuts
     D:6: 830 daAuts
  Temple: 1 daAuts
